 Dungeon Crawl Stone Soup version 0.29.1-12-g30fa7ad0bf (webtiles) character file.

Game seed: 17391835027409886059

375 bubby the Magician (level 7, -6/45 HPs)
             Began as a Djinni Fire Elementalist on Jan 15, 2023.
             Shot with an arrow by a centaur (11 damage)
             ... on level 4 of the Dungeon.
             The game lasted 00:07:33 (4553 turns).

bubby the Magician (Djinni Fire Elementalist)       Turns: 4553, Time: 00:07:34

Health: -6/45      AC:  4    Str:  7    XL:     7   Next: 3%
Gold:   131        EV: 13    Int: 19    God:
                   SH:  0    Dex: 13

rFire   + + .      SeeInvis .   q - +2 spear "Rupsuv" {freeze, rC+}
rCold   . . .      Faith    .   (no shield)
rNeg    . . .      Spirit   .   a - +0 robe
rPois   ∞          Reflect  .   s - +0 helmet
rElec   .          Harm     .   (no cloak)
rCorr   .          Rampage  .   v - +0 pair of gloves
Will    .....                   (boots unavailable)
Stlth   ++........              f - amulet of the acrobat
HPRegen 0.15/turn               (no ring)
MPRegen 0.00/turn               (no ring)

@: flying
A: sickness immunity, fire resistance 2, cold vulnerability 1, float, innate
caster, HP casting, extra vitality 1
a: no special abilities


You were on level 4 of the Dungeon.
You visited 1 branch of the dungeon, and saw 4 of its levels.

You collected 131 gold pieces.

Inventory:

Hand Weapons
 e - a +0 dagger
 q - the +2 spear "Rupsuv" (weapon) {freeze, rC+}
   (You found it on level 2 of the Dungeon)

   It freezes those it strikes, dealing additional cold damage.
   It can also slow down cold-blooded creatures.
   rC:        It protects you from cold.
Missiles
 u - 3 datura-tipped darts
Armour
 a - a +0 robe (worn)
 s - a +0 helmet (worn)
 v - a +0 pair of gloves (worn)
Jewellery
 f - an amulet of the acrobat (around neck)
Scrolls
 b - a scroll of summoning {unknown}
 c - 3 scrolls of enchant armour {unknown}
 d - 2 scrolls of enchant weapon {unknown}
 h - a scroll of teleportation {unknown}
 i - 4 scrolls of vulnerability {unknown}
 k - 4 scrolls of identify {unknown}
 l - 2 scrolls of blinking {unknown}
 n - a scroll of noise {unknown}
 o - a scroll of brand weapon {unknown}
 p - a scroll of magic mapping {unknown}
 t - 2 scrolls of amnesia {unknown}
Potions
 g - 3 potions of curing {unknown}
 j - 2 potions of attraction {unknown}
 m - a potion of degeneration {unknown}
 r - a potion of heal wounds {unknown}


   Skills:
 + Level 4.1 Dodging
 + Level 3.3 Stealth
 * Level 4.3 Spellcasting


You couldn't memorise any spells.
You knew the following spells:

 Your Spells              Type           Power      Damage    Failure   Level
a - Foxfire               Conj/Fire      80%        2x1d8     2%          1
b - Scorch                Fire           40%        2d7       3%          2
c - Conjure Flame         Conj/Fire      20%        6-21      7%          3
d - Inner Flame           Hex/Fire       20%        N/A       7%          3
e - Flame Wave            Conj/Fire      20%        2d7       22%         4
f - Sandblast             Erth           40%        2d10      2%          1
g - Searing Ray           Conj           40%        2d5       3%          2
h - Stone Arrow           Conj/Erth      40%        3d9       7%          3
Your spell library was empty.

Dungeon Overview and Level Annotations

Branches:
Dungeon (4/15)
 Temple: D:4-7

Altars:

Annotations:
D:4 2 runed translucent doors, sigtrap's ghost, amateur GnFi


Innate Abilities, Weirdness & Mutations

You are immune to sickness and miasma.
You are immune to poison.
Your flesh is very heat resistant. (rF++)
You are vulnerable to cold. (rC-)
You float through the air rather than walking.
You learn spells naturally, not from books.
Your magical power is your life essence.
You have superior vitality. (+4 MHP)


Message History

You kill the scorpion!
You have reached level 7!
The power to cast Stone Arrow wells up from within.
Spell assigned to 'h'.
Your foxfire dissipates! x2
You see here a scorpion corpse.
Found a stone staircase leading up.
Found a runed translucent gate.
The kobold shouts!
You hear a shout!
A centaur and a kobold come into view.
Casting: Foxfire (safe; 2% risk of failure)
Confirm with . or Enter, or press ? or * to list all spells.
Flames lash the kobold.
You kill the kobold!
You start resting.
HP restored.
The centaur shouts!
The centaur wields a +0 shortbow.
The centaur shoots an arrow.
The arrow hits you!
Casting: Scorch (safe; 3% risk of failure)
Confirm with . or Enter, or press ? or * to list all spells.
Flames lash the centaur.
The centaur is lightly wounded.
The centaur's fire resistance burns away.
The centaur shoots an arrow.
The arrow hits you!
Casting: Scorch (safe; 3% risk of failure)
Confirm with . or Enter, or press ? or * to list all spells.
Flames lash the centaur.
The centaur is burned terribly!
The centaur is almost dead.
The centaur shoots an arrow.
The arrow hits you!
* * * LOW HITPOINT WARNING * * *
The centaur shoots an arrow.
The arrow hits you.
* * * LOW HITPOINT WARNING * * *
Casting: Scorch (safe; 3% risk of failure)
Confirm with . or Enter, or press ? or * to list all spells.
Flames lash the centaur.
The centaur is almost dead.
* * * LOW HITPOINT WARNING * * *
The centaur shoots an arrow.
The arrow hits you!
You die...

..####..#..# ####
#.........## .).
##.....##..#####.# ..
#......###..##.# .
##......####..#.# #
#.....##..# ##..## ......#
##.####...#### #.....#
##.....c...... #...#
#...@#....##. ####...#
##...##....... .......#
#....##..c##++
..#..#..####....##..##K...
..#..##..#.......#..#.#K..
.#..## #...#........# .#.
.#.[####†####....##.#
...##....# ##.### #
.........# .#


You could see a centaur (combustible).

Vanquished Creatures
  A phantom (D:3)
  2 scorpions (D:4)
  A howler monkey (D:4)
  4 gnolls (D:3)
  3 adders
  4 worms
  A dart slug (D:3)
  4 ball pythons
  3 endoplasms
  4 giant cockroaches
  8 goblins
  6 hobgoblins
  3 jackals
  5 kobolds
  3 quokkas
  4 bats
  9 frilled lizards
  5 rats
70 creatures vanquished.

Vanquished Creatures (others)
  272 foxfires
272 creatures vanquished.

Grand Total: 342 creatures vanquished

Notes
Turn   | Place    | Note
-------+----------+-------------------------------------------
     0 | D:1      | bubby the Djinni Fire Elementalist began the quest for the
                  | Orb.
     0 | D:1      | bubby set off with the following spells memorised: Foxfire,
                  | Scorch, Conjure Flame, Inner Flame, Flame Wave.
     0 | D:1      | Reached XP level 1. HP: 15/15 MP: 0/0
   406 | D:1      | Reached XP level 2. HP: 17/21 MP: 0/0
  1381 | D:2      | Reached XP level 3. HP: 24/25 MP: 0/0
  1381 | D:2      | Learned a level 1 spell: Sandblast
  1614 | D:2      | Identified the +2 spear "Rupsuv" {freeze, rC+}
  2157 | D:2      | Reached XP level 4. HP: 24/31 MP: 0/0
  2831 | D:3      | Noticed a phantom
  2837 | D:3      | Killed a phantom
  2838 | D:3      | Reached XP level 5. HP: 22/35 MP: 0/0
  2838 | D:3      | Learned a level 2 spell: Searing Ray
  3644 | D:3      | Reached XP level 6. HP: 36/40 MP: 0/0
  4472 | D:4      | Reached XP level 7. HP: 39/45 MP: 0/0
  4472 | D:4      | Learned a level 3 spell: Stone Arrow
  4530 | D:4      | Found a runed translucent gate.
  4532 | D:4      | Found a runed translucent gate.
  4533 | D:4      | Noticed sigtrap's ghost (amateur GnFi)
  4553 | D:4      | Shot with an arrow by a centaur

Illustrated notes

Levels and vault maps discovered:
D:1:      erik_arrival_orb_chamber, layout_basic
D:2:      layout_loops_ring, minmay_ruptured
D:3:      layout_basic, minivault_14
D:4:      layout_layer_cave, gammafunk_ghost_nasty_kobolds

Skill      XL: |  1  2  3  4  5  6 |
---------------+-------------------+-----
Stealth        | 2 3 |  3.3
Spellcasting   | 3 4 |  4.3
Dodging        | 3 4 |  4.1

Action                   |  1- 3 |  4- 6 |  7- 9 || total
-------------------------+-------+-------+-------++-------
Melee: Unarmed           |    11 |       |       ||    11
 Cast: Foxfire           |    72 |   102 |       ||   174
       Scorch            |     5 |    12 |     4 ||    21
Armor: Robe              |     5 |     1 |       ||     6
Dodge: Dodged            |    14 |     8 |       ||    22
